 Dungeon Crawl Stone Soup version 0.30-a0-845-g7c6808c8ce (webtiles) character file.

Game seed: 13170525445283498098

45 cforsyth the Sneak (level 3, -1/22 HPs)
             Began as a Kobold Brigand on Mar 2, 2023.
             Slain by an orc
             ... wielding a +0 whip
              (5 damage)
             ... on level 2 of the Dungeon.
             The game lasted 00:00:38 (1188 turns).

cforsyth the Sneak (Kobold Brigand)                 Turns: 1188, Time: 00:00:38

Health: -1/22      AC:  3    Str:  8    XL:     3   Next: 90%
Magic:  3/3        EV: 15    Int: 12    God:
Gold:   141        SH:  0    Dex: 18    Spells: 2/2 levels left

rFire   . . .      SeeInvis .    a - +2 dagger
rCold   . . .      Faith    .    (no shield)
rNeg    . . .      Spirit   .    b - +0 robe
rPois   .          Reflect  .    (no helmet)
rElec   .          Rampage  .    c - +0 cloak
rCorr   .                        (no gloves)
Will    .....                    (no boots)
Stlth   ++++                     (no amulet)
HPRegen 0.23/turn                (no ring)
MPRegen 0.08/turn                (no ring)

@: no status effects
A: small, no large weapons, nightstalker 3
a: no special abilities


You were on level 2 of the Dungeon.
You visited 1 branch of the dungeon, and saw 2 of its levels.

You collected 141 gold pieces.

Inventory:

Hand Weapons
 a - a +2 dagger (weapon)
Missiles
 d - 9 poisoned darts (quivered)
 e - 3 curare-tipped darts
 i - 4 datura-tipped darts
Armour
 b - a +0 robe (worn)
 c - a +0 cloak (worn)
Scrolls
 g - 2 scrolls of teleportation {unknown}
 k - a scroll of identify {unknown}
 l - a scroll of fear {unknown}
Potions
 f - a potion of cancellation {unknown}
 h - a potion of curing {unknown}
 j - 2 potions of mutation {unknown}
 m - a potion of magic {unknown}


   Skills:
 + Level 2.8 Fighting
 + Level 3.4 Short Blades
 - Level 2.1 Throwing
 + Level 2.2 Dodging
 + Level 5.9 Stealth


You had 2 spell levels left.
You didn't know any spells.
Your spell library was empty.

Dungeon Overview and Level Annotations

Branches:
Dungeon (2/15)

Altars:
Wu Jian

Shops:
D:2 ?


Innate Abilities, Weirdness & Mutations

You are small and have problems with some larger weapons.
You are completely attuned to the shadows.


Message History

The orc is severely wounded.
The orc closely misses you.
You barely miss the orc.
The orc is heavily wounded.
The orc misses you. The orc priest hits you with a +0 club.
You barely miss the orc.
The orc is heavily wounded.
The orc priest hits you with a +0 club. The orc misses you.
You hit the orc.
The orc is severely wounded.
The orc priest calls down the wrath of Beogh upon you.
Pain shoots through your body! The orc hits you with a +0 whip.
You are too injured to fight recklessly!
You are too injured to fight recklessly!
You are too injured to fight recklessly!
You are too injured to fight recklessly!
You are too injured to fight recklessly!
You are too injured to fight recklessly!
You are too injured to fight recklessly!
You are too injured to fight recklessly!
You are too injured to fight recklessly!
You hit the orc priest.
The orc priest is lightly wounded.
The orc priest barely misses you. The orc hits you with a +0 whip.
You barely miss the orc priest.
The orc priest is lightly wounded.
You barely miss the orc priest.
The orc priest is lightly wounded.
The orc priest looks braver for a moment.
The orc closely misses you.
You hit the orc priest but do no damage.
The orc priest is lightly wounded.
The orc priest invokes the aid of Beogh against you.
You barely resist. The orc hits you with a +0 whip.
You hit the orc priest.
The orc priest is heavily wounded.
The orc priest hits you with a +0 club.
* * * LOW HITPOINT WARNING * * *
The orc hits you with a +0 whip.
You die...

#...# #.......#
...^.. ...##
#..###### ####.#
#### ##### ### #.#
##.## ##.#####.#
#.$.# #...##...#
##...###...######
#..#..#..#..##...
##.###.#.###.#...#
#@.# #...# #......
#..oo## ##.##
##...## #.##.# #.#
#..... # ### ###
######


You could see an orc priest and an orc.

Vanquished Creatures
  An orc wizard (D:2)
  A worm (D:2)
  A dart slug (D:1)
  An orc (D:2)
  An endoplasm (D:1)
  A giant cockroach (D:1)
  A goblin (D:1)
  A hobgoblin (D:2)
  A quokka (D:1)
  A ball python (D:1)
  3 bats (D:1)
  2 kobolds (D:1)
  A rat (D:1)
16 creatures vanquished.

Notes
Turn   | Place    | Note
-------+----------+-------------------------------------------
     0 | D:1      | cforsyth the Kobold Brigand began the quest for the Orb.
     0 | D:1      | Reached XP level 1. HP: 12/12 MP: 1/1
    58 | D:1      | Found a faded altar of an unknown god.
   175 | D:1      | Reached XP level 2. HP: 18/18 MP: 2/2
   622 | D:2      | Found an ornate altar of the Wu Jian Council.
   748 | D:2      | Found Waniegest's Magic Scroll Emporium.
  1171 | D:2      | Reached XP level 3. HP: 22/22 MP: 3/3
  1188 | D:2      | Slain by an orc

Illustrated notes

Levels and vault maps discovered:
D:1:      noname_arrival_rooms_in_the_neighbourhood, layout_basic,
          basic_ecumenical_altar
D:2:      layout_basic, basic_altar, serial_curves, eino_curves_03,
          eino_curves_02, eino_curves_03, eino_curves_02, serial_shops,
          shop_statue, minmay_pentomino_pile

Skill      XL: |  1  2 |
---------------+-------+-----
Short Blades   | 3 |  3.4
Dodging        | 2 |  2.2
Fighting       | |  2.8
Throwing       | |  2.1
Stealth        | |  5.9

Action                     || total
---------------------------++-------
  Melee: Dagger            ||    41
   Stab: Sleeping          ||    11
 Armour: Robe              ||     2
  Dodge: Dodged            ||    15

Table legend: (Time is in decaauts)
 A = Elapsed time spent in this place.
 B = Non-inter-level travel time spent in this place.
 C = Inter-level travel time spent in this place.
 D = Time resting spent in this place.
 E = Time spent auto-exploring this place.
 F = Levels seen in this place.
 G = Mean time per level.
                   A        B        C        D        E       F      G
               +--------+--------+--------+--------+--------+-----+--------+
         Total |   1181 |   1160 |     21 |      0 |   1054 |   2 |  590.5 |
       Dungeon |   1181 |   1160 |     21 |      0 |   1054 |   2 |  590.5 |
               +--------+--------+--------+--------+--------+-----+--------+

Top non-repeatable levels by time:
     D:1: 609 daAuts
     D:2: 572 daAuts
